Unix NetHack Version 5.0.0-0 post-release - last build May  4 2026 22:22:43 (774f63e81ad911689b3a0859ea89b322d5daca8d,branch:main).

Game began 2026-05-05 22:23:54, ended 2026-05-06 00:33:06.

ButtonHitter, neutral female human Valkyrie

          ----       ----------                                          ----
         --..|      --.|.|..|..-                                         |..|
         |...|      |.......*...   --                                    |..--
         --..|      --...........---.---                                 |...|
         --..|      |..................|                                 |..--
        --...|       -...(.............---                               --.|
 ----   |^.|.|        -.i................----                             |.|
 |..-- --.-|.|           ................... |                            |.|
 |...| |..||.|     -----   -.i............` .---                          |.|
 ---.--|.--|.|    --.|.--    -.................|                          |.|
   |..--.| |.|   --.....---#      |..>f@.......|------              ----  |.--
   --....| |.|   |.........----------..-#...----|..|..              |..---|..|
    |..#-- |.|   --.....-..............| #---  --....-     ----     |....--..|
    |...#  |.|    |.....^...-.----------       |.....--    |..-------..).....--
    --.--  |.|------.............|         %----......----- -..--.|...........|
     ---   |.|-..--#.........---.|         |)##........--.---..<..............|
           #.|.....|.).......| |.---       |.)...............%.......^.......--
           |.##........------- |...-- -------....#--)...%..)........-#-.....--
           |....--------       ---..---.............[.....................|.|
           ------                |......--------------.--.--.----.-----------
                                 --------            ---------  ---
ButtonHitter the Fighter    St:18/01 Dx:13 Co:18 In:8 Wi:10 Ch:8  Neutral S:5693
Dlvl:8  $:223 HP:0(71) Pw:22(22) AC:-2 Xp:7/1250 T:2482 

Latest messages:
 You have a little trouble lifting C - 2 K-rations (4 in total).
 Your movements are slowed slightly because of your load.
 What do you want to use or apply? [beklxyBFK or ?*] b
 You put a pair of leather gloves into the bag called type one.
 You put a pair of leather gloves into the bag called type one.
 You put 3 C-rations into the bag called type one.
 You put 2 uncursed food rations into the bag called type one.
 You put 4 K-rations into the bag called type one.
 You put 2 pancakes into the bag called type one.
 You put a scroll labeled FOOBIE BLETCH into the bag called type one.
 You put a scroll called 100zm T into the bag called type one.
 You put 2 scrolls called 60/80zm EE into the bag called type one.
 You put a bubbly potion into the bag called type one.
 What do you want to use or apply? [beklxyBFK or ?*] b
 You have a little trouble removing p - a bubbly potion.
 q - a scroll labeled FOOBIE BLETCH.
 n - 2 pancakes.
 C - 4 K-rations.
 d - 2 uncursed food rations.
 A - 3 C-rations.
 G - a pair of leather gloves.
 z - a pair of leather gloves.
 i - 3 uncursed potions of healing.
 H - an uncursed purple-red potion.
 j - a blessed golden potion.
 s - an uncursed emerald potion.
 L - a cursed dark green potion.
 r - a blessed cyan potion.
 M - a blessed clear potion.
 N - an uncursed bubbly potion.
 v - a cursed scroll called identify F.
 f - 2 uncursed scrolls called identify F.
 g - 3 uncursed scrolls called 60/80zm EE.
 o - an uncursed scroll called 100zm XXX.
 O - 2 uncursed scrolls called 100zm T.
 R - an uncursed scroll called 100zm LGVZ.
 $ - 223 gold pieces.
 You climb up the stairs.
 You climb up the stairs.
 The displacer beast hits!
 The displacer beast hits again!
 The displacer beast bites!
 What do you want to drink? [ijprsHL-N or ?*] i
 You feel better.
 Your movements are now unencumbered.
 The displacer beast hits!
 The displacer beast hits again!
 The displacer beast bites!
 You die...
 Do you want your possessions identified? [ynq] (y) q

Inventory:
 Coins    ('$')
  $ - 223 gold pieces
 Weapons  (')')
  a - a +1 spear (weapon in right hand)
 Armor    ('[')
  Q - an uncursed +0 orcish helm (being worn)
  G - an uncursed +1 pair of leather gloves
  z - an uncursed +0 pair of leather gloves
  D - an uncursed +0 pair of iron shoes (being worn)
  c - an uncursed +3 small shield (being worn)
  E - an uncursed +0 elven mithril-coat (being worn)
 Comestibles  ('%')
  A - 3 uncursed C-rations
  d - 2 uncursed food rations
  C - 4 uncursed K-rations
  n - 2 uncursed pancakes
  m - an uncursed lizard corpse
 Scrolls  ('?')
  g - 3 uncursed scrolls of enchant armor
  q - an uncursed scroll of enchant weapon
  O - 2 uncursed scrolls of gold detection
  f - 2 uncursed scrolls of identify
  v - a cursed scroll of identify
  R - an uncursed scroll of magic mapping
  o - an uncursed scroll of teleportation
 Potions  ('!')
  L - a cursed potion of fruit juice
  H - an uncursed potion of gain ability
  s - an uncursed potion of gain energy
  N - an uncursed potion of hallucination
  p - a cursed potion of hallucination
  i - 2 uncursed potions of healing
  r - a blessed potion of levitation
  j - a blessed potion of speed
  M - a potion of holy water
 Rings    ('=')
  I - a cursed -1 ring of adornment
  P - an uncursed ring of free action
  u - an uncursed ring of see invisible
  J - an uncursed ring of stealth
 Wands    ('/')
  y - a wand of cancellation (0:4)
  F - a wand of digging (0:5)
 Tools    ('(')
  x - an empty uncursed bag of holding
  b - an empty uncursed oilskin sack
  B - an uncursed blindfold
  l - a cursed magic lamp (lit)
  e - a +0 pick-axe
  k - an uncursed skeleton key
  K - a tinning kit (0:35)

ButtonHitter the Valkyrie's attributes:

Background:
 You were a Fighter, a level 7 human Valkyrie.
 You were neutral, on a mission for Odin
 who was opposed by Tyr (lawful) and Loki (chaotic).
 You were right-handed.
 You were in the Gnomish Mines, on level 8.
 You entered the dungeon 2482 turns ago.
 It was the midnight hour.
 You had 1250 experience points, 30 more were needed to attain level 8.
 Your score was 5693 before end-of-game adjustments.

Basics:
 You had 0 out of 71 hit points.
 You had all 22 energy points (spell power).
 Your armor class was -2.
 Your wallet contained 223 zorkmids.
 Autopickup was off.

Final Characteristics:
 Your strength was 18/01 (limit:18/100).
 Your dexterity was 13 (limit:18).
 Your constitution was 18 (limit:18).
 Your intelligence was 8 (limit:18).
 Your wisdom was 10 (limit:18).
 Your charisma was 8 (limit:18).

Final Status:
 You weren't hungry.
 You were unencumbered.
 You were wielding a spear.
 You had expert skill with spear.

Final Attributes:
 You were piously aligned.
 You were cold resistant.
 You were telepathic.
 You were stealthy.
 You were guarded.
 You were fast.
 You are dead.

Miscellaneous:
 You didn't encounter any bones levels.
 Total elapsed playing time was 43 minutes and 4 seconds.

Major events:
 Turn
    1: ButtonHitter the neutral human Valkyrie entered the dungeon
  920: attained the rank of Skirmisher (level 3)
 1046: entered the Gnomish Mines
 1482: reached Mine Town
 1499: attained the rank of Fighter (level 6)
 2482: killed by a displacer beast

You didn't know any spells.

Skills:
 Fighting Skills
   bare handed combat [Unskilled]
   two weapon combat  [Unskilled]
   riding             [Unskilled]
 Weapon Skills
   dagger             [Basic]
   axe                [Unskilled]
   pick-axe           [Unskilled]
   short sword        [Unskilled]
   broadsword         [Unskilled]
   long sword         [Unskilled]
   two-handed sword   [Unskilled]
   saber              [Unskilled]
   hammer             [Unskilled]
   quarterstaff       [Unskilled]
   polearms           [Unskilled]
   spear              [Expert]
   trident            [Unskilled]
   lance              [Unskilled]
   sling              [Unskilled]
 Spellcasting Skills
   attack spells      [Unskilled]
   escape spells      [Unskilled]

Voluntary challenges:
 Character rerolling was not enabled.
 You never genocided any monsters.
 You never polymorphed an object.
 You never changed form.
 You used no wishes.
Achievements:
 You entered a shop.
 You attained the rank of Skirmisher.
 You entered the Gnomish Mines.
 You entered Minetown.
 You attained the rank of Fighter.
 You entered a temple.

 The Dungeons of Doom: levels 1 to 4
    Level 1:
       An altar, a fountain.
    Level 2:
       A general store, a fountain.
    Level 3: "vault"
    Level 4:
       Stairs down to The Gnomish Mines.
 The Gnomish Mines: levels 5 to 10
    Level 5:
    Level 6:
    Level 7:
       Many shops, a temple and an altar to Odin, some fountains, a sink.
    Level 8: <- You were here.
       Final resting place for
          you, killed by a displacer beast.
    Level 9:
    Level 10:


Vanquished creatures:
  a large mimic
  4 soldiers
  3 gnome rulers
  a lizard
  a dingo
  9 gnome leaders
  4 gnomish wizards
  2 floating eyes
 13 dwarves
  a kobold leader
  2 giant bats
  3 monkeys
  2 killer bees
 an acid blob
  2 hobbits
  a manes
  2 cave spiders
 37 gnomes
  2 geckos
  6 jackals
  a kobold
  3 goblins
  2 grid bugs
  6 newts
109 creatures vanquished.

No species were genocided or became extinct.

Game over:
                       ----------
                      /          \
                     /    REST    \
                    /      IN      \
                   /     PEACE      \
                  /                  \
                  |   ButtonHitter   |
                  |      223 Au      |
                  |   killed by a    |
                  | displacer beast  |
                  |                  |
                  |                  |
                  |       2026       |
                 *|     *  *  *      | *
        _________)/\\_//(\/(/\)/\//\/|_)_______

Farvel ButtonHitter the Valkyrie...

You died in The Gnomish Mines on dungeon level 8 with 5671 points,
and 223 pieces of gold, after 2482 moves.
You were level 7 with a maximum of 71 hit points when you died.

